 Dungeon Crawl Stone Soup version 0.28-a0-793-g31680bbd8b (webtiles) character file.

Game seed: 13890722521538101640

57 cheechan the Skirmisher (level 4, -1/31 HPs)
             Began as an Octopode Fighter on Nov 4, 2021.
             Slain by Sigmund (11 damage)
             ... on level 3 of the Dungeon.
             The game lasted 00:07:41 (1536 turns).

cheechan the Skirmisher (Octopode Fighter)          Turns: 1536, Time: 00:07:42

Health: -1/31      AC:  1    Str: 16    XL:     4   Next: 0%
Magic:  4/4        EV: 13    Int: 10    God:
Gold:   68         SH:  0    Dex: 11    Spells: 2/3 levels left

rFire   . . .      SeeInvis .   a - +1 war axe (protect)
rCold   . . .      Faith    .   b - +0 buckler
rNeg    . . .      Spirit   .   (helmet restricted)
rPois   .          Reflect  .   (no amulet)
rElec   .          Harm     .   (no ring)
rCorr   .          Rampage  .   (no ring)
Will    .....                   (no ring)
Stlth   ++........              (no ring)
HPRegen 0.10/turn               (no ring)
MPRegen 0.09/turn               (no ring)
                                (no ring)
                                (no ring)

@: confused, mighty
A: almost no armour, amphibious, 8 rings, camouflage 1, gelatinous body 1,
(nimble swimmer 1), tentacles
a: no special abilities


You were on level 3 of the Dungeon.
You visited 1 branch of the dungeon, and saw 3 of its levels.

You collected 68 gold pieces.

Inventory:

Hand Weapons
 a - a +1 war axe of protection (weapon)
 j - a +0 hunting sling
Missiles
 d - 37 sling bullets
 e - 17 poisoned darts (quivered)
 g - 12 arrows
 n - 4 javelins
Armour
 b - a +0 buckler (worn)
Scrolls
 k - a scroll of teleportation
 m - a scroll of amnesia
 o - a scroll of enchant weapon
Potions
 c - a potion of might
 f - a potion of flight
 h - a potion of brilliance {unknown}
 i - 2 potions of degeneration {unknown}
 l - a potion of berserk rage {unknown}


   Skills:
 + Level 3.5 Fighting
 + Level 3.0 Axes
 + Level 3.3 Dodging
 + Level 1.0 Stealth
 + Level 3.2 Shields


You had 2 spell levels left.
You knew the following spells:

 Your Spells              Type           Power      Damage    Failure   Level
a - Magic Dart            Conj           0%         1d3       38%         1

Your spell library contained the following spells:

 Spells                   Type           Power      Damage    Failure   Level
 Call Imp                 Summ           0%         N/A       54%         2
 Sublimation of Blood     Necr           0%         N/A       54%         2
 Wereblood                Tmut           0%         N/A       54%         2
 Mephitic Cloud           Conj/Pois/Air  0%         N/A       77%         3
 Summon Hydra             Summ           0%         N/A       100%        7


Dungeon Overview and Level Annotations

Branches:
Dungeon (3/15)

Altars:

Annotations:
D:3 Sigmund


Innate Abilities, Weirdness & Mutations

You cannot wear most types of armour.
You are amphibious.
You can wear up to eight rings at the same time.
Your skin changes colour to match your surroundings (Stealth+).
Your rubbery body absorbs attacks. (AC +1, EV +1)
((You are camouflaged near water. (Stealth+)))
You have tentacles for arms and can constrict up to eight enemies at once.


Message History

You climb downwards.
The goblin shouts!
Found a spear and 4 javelins.
Found a stone staircase leading up.
There is a stone staircase leading up here.
Found a stone staircase leading down.
You see here a +0 spear.
Found a stone staircase leading down.
Found a scroll of enchant weapon.
You see here 4 javelins.
n - 4 javelins
There is a stone staircase leading up here.
There is a stone staircase leading up here.
You hit the goblin.
Your weapon exudes an aura of protection.
You kill the goblin!
You have reached level 4!
Found a twisted gilded ring.
Sigmund the Dreaded comes into view.
He is wielding a +0 scythe and wearing a +2 robe of the Archmagi.
Found a stone staircase leading up.
Sigmund shouts!
You see here a scroll of enchant weapon.
Sigmund barely misses you.
You see here a scroll of enchant weapon.
o - a scroll of enchant weapon Sigmund casts a spell at you.
The magic dart hits you!
Throw: 18 darts (poison)
Press: ? - help, Q - select action, (/) - cycle Shift-Dir - straight line, f - Sigmund
Aim: Sigmund, wielding a +0 scythe and wearing a +2 robe of the Archmagi (52% to hit)
You throw a poisoned dart. The poisoned dart hits Sigmund.
Sigmund is poisoned.
Sigmund hits you from afar with a +0 scythe!
You feel very mighty all of a sudden.
Sigmund casts a spell.
Sigmund flickers and vanishes!
Deactivating autopickup; reactivate with Ctrl-A.
You closely miss something. Your squeeze misses something.
You hear some strange, mumbled words.
You are confused.
Something hits you!
You die...

....#..........#
.......#.#.....#
.....#.#.##....# #
..........#......#
..........^##.....
..................
..........##......
..........##......
..........@.<.....
......=...{.##....
..........#....# #
##......###......
######.. .......
### .......
....... .......


There were no monsters in sight!

Vanquished Creatures
  2 worms (D:2)
  3 dart slugs
  4 endoplasms
  A giant cockroach (D:2)
  4 goblins
  4 hobgoblins (D:2)
  7 jackals (D:2)
  2 quokkas (D:1)
  2 ball pythons (D:1)
  A bat (D:2)
  5 frilled lizards
  2 kobolds
  5 rats
42 creatures vanquished.

Notes
Turn   | Place    | Note
-------+----------+-------------------------------------------
     0 | D:1      | cheechan the Octopode Fighter began the quest for the Orb.
     0 | D:1      | Reached XP level 1. HP: 16/16 MP: 1/1
   269 | D:1      | Reached XP level 2. HP: 13/21 MP: 2/2
   812 | D:2      | Reached XP level 3. HP: 12/26 MP: 3/3
  1320 | D:2      | Learned a level 1 spell: Magic Dart
  1336 | D:2      | Reached skill level 1 in Stealth
  1516 | D:3      | Reached XP level 4. HP: 31/31 MP: 4/4
  1525 | D:3      | Noticed Sigmund
  1536 | D:3      | Slain by Sigmund

Illustrated notes

Levels and vault maps discovered:
D:1:      eino_arrival_water_star, layout_basic, hex_large, serial_bayou_pond_d
D:2:      minmay_diamond_boxcup, layout_loops_ring
D:3:      layout_rooms, serial_glass, glass_columns_b, glass_columns_a,
          uniq_sigmund

Skill      XL: |  1  2  3 |
---------------+----------+-----
Axes           | 3 |  3.0
Stealth        | 1 |  1.0
Fighting       | |  3.5
Dodging        | |  3.3
Shields        | |  3.2

Action                   |  1- 3 |  4- 6 || total
-------------------------+-------+-------++-------
Melee: War axe           |    62 |     1 ||    63
       Constrict         |    15 |       ||    15
       Tentacles         |    13 |       ||    13
Throw: Dart              |       |     1 ||     1
  Use: Scroll            |     6 |       ||     6
       Potion            |       |     1 ||     1
 Stab: Sleeping          |     7 |       ||     7
Armor: Skin              |     6 |       ||     6
Dodge: Dodged            |    36 |     1 ||    37
Block: Buckler           |    10 |       ||    10

Table legend: (Time is in decaauts)
 A = Elapsed time spent in this place.
 B = Non-inter-level travel time spent in this place.
 C = Inter-level travel time spent in this place.
 D = Time resting spent in this place.
 E = Time spent auto-exploring this place.
 F = Levels seen in this place.
 G = Mean time per level.
                   A        B        C        D        E       F      G
               +--------+--------+--------+--------+--------+-----+--------+
         Total |   1560 |   1560 |      0 |      0 |      0 |   3 |  520.0 |
       Dungeon |   1560 |   1560 |      0 |      0 |      0 |   3 |  520.0 |
               +--------+--------+--------+--------+--------+-----+--------+

Top non-repeatable levels by time:
     D:2: 798 daAuts
     D:1: 730 daAuts
     D:3: 31 daAuts
